 Dungeon Crawl Stone Soup version 0.28-a0-1206-g193881aaa2 (webtiles) character file.

Game seed: 4089596358192090999

142 Zonian the Prestidigitator (level 5, -9/37 HPs)
             Began as a Gnoll Wanderer on Dec 21, 2021.
             Mangled by a gnoll (15 damage)
             ... on level 2 of the Dungeon.
             The game lasted 00:03:56 (5461 turns).

Zonian the Prestidigitator (Gnoll Wanderer)         Turns: 5461, Time: 00:03:57

Health: -9/37      AC:  3    Str: 11    XL:     5   Next: 25%
Magic:  9/9        EV: 11    Int:  8    God:
Gold:   35         SH:  0    Dex: 17    Spells: 10/10 levels left

rFire   . . .      SeeInvis .   f - +3 whip (elec)
rCold   . . .      Faith    .   (no shield)
rNeg    . . .      Spirit   .   d - +0 leather armour
rPois   .          Reflect  .   (no helmet)
rElec   .          Harm     .   (no cloak)
rCorr   .          Rampage  .   (no gloves)
Will    .....                   (no boots)
Stlth   ++........              (no amulet)
HPRegen 0.12/turn               (no ring)
MPRegen 0.11/turn               (no ring)

@: no status effects
A: fangs 1, strong nose, distributed training
a: no special abilities


You were on level 2 of the Dungeon.
You visited 1 branch of the dungeon, and saw 2 of its levels.

You collected 35 gold pieces.

Inventory:

Hand Weapons
 a - a +0 quarterstaff
 f - a +3 whip of electrocution (weapon)
 h - a +0 dagger of protection
Missiles
 m - 27 sling bullets
Armour
 d - a +0 leather armour (worn)
Jewellery
 i - a ring of resist corrosion
Wands
 b - a wand of flame (12) (quivered)
Scrolls
 c - a scroll of teleportation
Potions
 e - a potion of attraction
 g - a potion of flight
 n - a potion of heal wounds {unknown}
 o - 2 potions of cancellation


   Skills:
 + Level 1.4 Fighting
 + Level 1.4 Short Blades
 + Level 1.4 Long Blades
 + Level 1.4 Axes
 + Level 1.4 Maces & Flails
 + Level 1.4 Polearms
 + Level 4.7 Staves
 + Level 1.4 Slings
 + Level 1.4 Bows
 + Level 1.4 Crossbows
 + Level 2.9 Throwing
 + Level 2.9 Armour
 + Level 1.4 Dodging
 + Level 1.4 Stealth
 + Level 1.4 Shields
 + Level 1.4 Unarmed Combat
 + Level 3.1 Spellcasting
 + Level 1.1 Conjurations
 + Level 1.1 Hexes
 + Level 1.1 Summonings
 + Level 1.1 Necromancy
 + Level 1.1 Translocations
 + Level 1.1 Transmutations
 + Level 1.1 Fire Magic
 + Level 1.1 Ice Magic
 + Level 1.1 Air Magic
 + Level 1.1 Earth Magic
 + Level 1.1 Poison Magic
 + Level 1.6 Invocations
 + Level 10.5 Evocations


You had 10 spell levels left.
You didn't know any spells.
Your spell library contained the following spells:

 Spells                   Type           Power      Damage    Failure   Level
 Corpse Rot               Necr/Air       6%         N/A       36%         2
 Dispel Undead            Necr           3%         3d7       94%         4
 Death Channel            Necr           1%         N/A       100%        6


Dungeon Overview and Level Annotations

Branches:
Dungeon (2/15)

Altars:


Innate Abilities, Weirdness & Mutations

You have very sharp teeth.
Your uncanny sense of smell can sniff out nearby items.
Your experience applies equally to all skills.


Message History

The gnoll shouts! x3
There are monsters nearby!
Unknown command.
The gnoll closely misses you.
You hit the gnoll.
The gnoll is moderately wounded.
The gnoll hits you with a +0 club.
You hit the gnoll.
The gnoll is heavily wounded.
The gnoll barely misses you.
You hit the gnoll. Your bite misses the gnoll.
The gnoll is severely wounded.
The gnoll hits you with a +0 club.
You hit the gnoll.
The gnoll is almost dead.
The gnoll misses you. The gnoll hits you with a +0 club.
You closely miss the gnoll.
The gnoll is almost dead.
The gnoll closely misses you. The gnoll hits you with a +0 club.
You hit the gnoll.
You kill the gnoll!
The gnoll completely misses you. The gnoll hits you with a +0 halberd.
Things that are here:
a +0 club; a throwing net; a gnoll corpse You closely miss the gnoll.
The gnoll barely misses you.
You hit the gnoll.
The gnoll is lightly wounded.
The gnoll hits you with a +0 halberd.
You barely miss the gnoll.
The gnoll is lightly wounded.
The gnoll closely misses you.
You hit the gnoll but do no damage. You bite the gnoll, but do no damage.
The gnoll is lightly wounded.
The gnoll hits you with a +0 halberd!
* * * LOW HITPOINT WARNING * * *
You hit the gnoll.
The gnoll is moderately wounded.
The gnoll hits you with a +0 halberd!
You die...

##############
#..@ggg......#
#.##########.# ####
#.# #.####... #.#
######.#.(.... #.#
#............. #.#
#.####.#.##.## #.#
#.# #.#.##.# #.#
#.# #.#.##.#
#.#####.####.#.##.#


You could see 3 gnolls.

Vanquished Creatures
  Terence (D:2)
  3 adders (D:2)
  2 gnolls (D:2)
  A worm (D:2)
  3 dart slugs (D:1)
  3 ball pythons
  5 endoplasms
  4 giant cockroaches
  7 goblins
  5 hobgoblins
  5 jackals (D:1)
  6 quokkas
  2 bats (D:1)
  4 frilled lizards
  4 kobolds
  4 rats
59 creatures vanquished.

Notes
Turn   | Place    | Note
-------+----------+-------------------------------------------
     0 | D:1      | Reached skill level 10 in Evocations
     0 | D:1      | Zonian the Gnoll Wanderer began the quest for the Orb.
     0 | D:1      | Zonian set off with the following items: a +0 quarterstaff,
                  | a wand of flame (13), a scroll of teleportation, a +0
                  | leather armour
     0 | D:1      | Reached XP level 1. HP: 13/13 MP: 4/4
   424 | D:1      | Reached XP level 2. HP: 18/19 MP: 5/5
  1507 | D:1      | Reached XP level 3. HP: 15/25 MP: 7/7
  2802 | D:1      | Reached skill level 1 in Invocations
  3008 | D:2      | Noticed Terence
  3012 | D:2      | Killed Terence
  3013 | D:2      | Reached skill level 1 in Fighting
  3013 | D:2      | Reached skill level 1 in Short Blades
  3013 | D:2      | Reached skill level 1 in Long Blades
  3013 | D:2      | Reached skill level 1 in Axes
  3013 | D:2      | Reached skill level 1 in Maces & Flails
  3013 | D:2      | Reached skill level 1 in Polearms
  3013 | D:2      | Reached skill level 1 in Slings
  3013 | D:2      | Reached skill level 1 in Bows
  3013 | D:2      | Reached skill level 1 in Crossbows
  3013 | D:2      | Reached skill level 1 in Dodging
  3013 | D:2      | Reached skill level 1 in Stealth
  3013 | D:2      | Reached skill level 1 in Shields
  3013 | D:2      | Reached skill level 1 in Unarmed Combat
  3013 | D:2      | Reached XP level 4. HP: 26/32 MP: 8/8
  4068 | D:2      | Reached skill level 1 in Conjurations
  4068 | D:2      | Reached skill level 1 in Hexes
  4068 | D:2      | Reached skill level 1 in Summonings
  4068 | D:2      | Reached skill level 1 in Necromancy
  4068 | D:2      | Reached skill level 1 in Translocations
  4068 | D:2      | Reached skill level 1 in Transmutations
  4068 | D:2      | Reached skill level 1 in Fire Magic
  4068 | D:2      | Reached skill level 1 in Ice Magic
  4068 | D:2      | Reached skill level 1 in Air Magic
  4068 | D:2      | Reached skill level 1 in Earth Magic
  4068 | D:2      | Reached skill level 1 in Poison Magic
  4650 | D:2      | Reached XP level 5. HP: 16/37 MP: 9/9
  5461 | D:2      | Mangled by a gnoll

Illustrated notes

Levels and vault maps discovered:
D:1:      minmay_arrival_cross, layout_basic
D:2:      minmay_spotlight, layout_loops_ring, uniq_terence

Skill      XL: |  1  2  3  4 |
---------------+-------------+-----
Evocations     | | 10.5
Invocations    | 1 |  1.6
Fighting       | 1 |  1.4
Short Blades   | 1 |  1.4
Long Blades    | 1 |  1.4
Axes           | 1 |  1.4
Maces & Flails | 1 |  1.4
Polearms       | 1 |  1.4
Slings         | 1 |  1.4
Bows           | 1 |  1.4
Crossbows      | 1 |  1.4
Dodging        | 1 |  1.4
Stealth        | 1 |  1.4
Shields        | 1 |  1.4
Unarmed Combat | 1 |  1.4
Spellcasting   | 3 |  3.1
Conjurations   | 1 |  1.1
Hexes          | 1 |  1.1
Summonings     | 1 |  1.1
Necromancy     | 1 |  1.1
Translocations | 1 |  1.1
Transmutations | 1 |  1.1
Fire Magic     | 1 |  1.1
Ice Magic      | 1 |  1.1
Air Magic      | 1 |  1.1
Earth Magic    | 1 |  1.1
Poison Magic   | 1 |  1.1
Staves         | |  4.7
Throwing       | |  2.9
Armour         | |  2.9

Action                   |  1- 3 |  4- 6 || total
-------------------------+-------+-------++-------
Melee: Quarterstaff      |    17 |       ||    17
       Bite              |    14 |     5 ||    19
       Whip              |    91 |    90 ||   181
Evoke: Wand              |     1 |       ||     1
  Use: Scroll            |       |     7 ||     7
 Stab: Sleeping          |     3 |     5 ||     8
       Distracted        |       |     1 ||     1
Armor: Leather armour    |    36 |    18 ||    54
Dodge: Dodged            |    68 |    38 ||   106

Table legend: (Time is in decaauts)
 A = Elapsed time spent in this place.
 B = Non-inter-level travel time spent in this place.
 C = Inter-level travel time spent in this place.
 D = Time resting spent in this place.
 E = Time spent auto-exploring this place.
 F = Levels seen in this place.
 G = Mean time per level.
                   A        B        C        D        E       F      G
               +--------+--------+--------+--------+--------+-----+--------+
         Total |   5471 |   5396 |     75 |   3247 |   1653 |   2 | 2735.5 |
       Dungeon |   5471 |   5396 |     75 |   3247 |   1653 |   2 | 2735.5 |
               +--------+--------+--------+--------+--------+-----+--------+

Top non-repeatable levels by time:
     D:1: 3015 daAuts
     D:2: 2456 daAuts
